Map: 블랙번 - 래더

Players

하스 (Has)

  • Race: Protoss Protoss
  • League: Master

RagnaroK (SHIN) - Winner!

  • Race: Zerg Zerg
  • League: Master

Event: DreamHack SC2 Masters Last Chance 2022

VOD

Have the link to the VOD?

Description

Time

  • Played on: Dec. 15, 2021, 4:25 a.m.
  • Length: 7:07

All games in this series

Show
View Real Time Build Order
Export as new Build Order

하스 Protoss 

Build Orders: 1 Gate Expand 

Get SALT Encoding   

  12  0:00  Probe  
  13  0:12  Probe  
  14  0:20  Pylon  
  14  0:24  Probe  
  15  0:38  Probe (Chrono Boost)  
  15  0:41  Gateway  
  16  0:47  Assimilator  
  16  0:48  Probe (Chrono Boost)  
  17  0:53  Probe (Chrono Boost)  
  18  1:04  Probe  
  19  1:16  Probe  
  20  1:28  Nexus  
  20  1:37  Cybernetics Core  
  20  1:41  Probe  
  20  1:46  Assimilator  
  21  1:53  Probe  
  22  1:57  Pylon  
  22  2:05  Probe  
  23  2:16  Stargate  
  23  2:18  Probe  
  24  2:23  Adept (Chrono Boost)  
  24  2:27  Warp Gate  
  26  2:30  Probe  
  27  2:40  Probe (Chrono Boost)  
  29  2:47  Adept, Probe (Chrono Boost)  
  29  2:50  Void Ray (Chrono Boost)  
  32  2:51  Probe (Chrono Boost)  
  32  2:56  Probe x2 (Chrono Boost)  
  38  3:06  Probe x2  
  38  3:12  Gateway  
  40  3:17  Zealot  
  43  3:20  Probe x2  
  44  3:28  Twilight Council  
  44  3:39  Robotics Facility  
  44  3:50  Gateway  
  44  3:51  Pylon  
  44  3:52  Gateway  
  44  3:58  Gateway  
  45  4:11  Charge (Chrono Boost)  
  45  4:13  Assimilator  
  45  4:14  Gateway  
  45  4:15  Gateway  
  44  4:17  Gateway  
  44  4:24  Warp Prism (Chrono Boost)  
  42  4:32  Adept x2  
  46  4:44  Gateway  
  46  4:50  Zealot x2  
  50  4:53  Pylon  
  50  5:15  Zealot x6  
  50  5:18  Pylon  
  62  5:30  Pylon  
  60  5:35  Zealot  
  60  5:36  Zealot x4  
  70  5:48  Zealot x4  
  60  6:08  Zealot x6  
  60  6:10  Zealot  
  50  6:28  Zealot x2  
  50  6:29  Zealot x4  
  48  6:45  Zealot x3  
  54  6:52  Probe x2  
Show
View Real Time Build Order
Export as new Build Order

RagnaroK Zerg - Winner!

Build Orders: Hatch First 

Get SALT Encoding   

  12  0:00  Drone  
  13  0:12  Overlord  
  13  0:17  Drone  
  14  0:31  Drone  
  14  0:32  Drone  
  16  0:50  Hatchery  
  16  0:53  Drone  
  16  0:58  Drone  
  16  1:01  Drone  
  18  1:11  Extractor  
  18  1:12  Drone  
  18  1:20  Spawning Pool  
  18  1:25  Drone  
  18  1:28  Drone  
  19  1:38  Drone  
  20  1:49  Drone  
  21  2:00  Drone  
  22  2:03  Drone  
  22  2:06  Queen  
  22  2:07  Queen  
  27  2:12  Zergling x2, Overlord  
  28  2:19  Metabolic Boost  
  28  2:32  Drone x3  
  31  2:40  Hatchery  
  31  2:42  Drone  
  31  2:45  Drone  
  31  2:49  Drone  
  33  2:54  Queen  
  35  2:58  Overlord  
  35  3:01  Drone  
  36  3:16  Overlord  
  36  3:17  Drone  
  36  3:18  Drone x4  
  36  3:19  Queen  
  43  3:27  Zergling x2  
  43  3:33  Overlord  
  43  3:34  Queen  
  43  3:35  Zergling x2  
  43  3:39  Overlord  
  46  3:48  Overlord  
  46  3:52  Drone, Zergling x6, Queen  
  46  3:53  Drone  
  53  4:00  Drone x2  
  55  4:07  Drone x4  
  58  4:11  Queen  
  58  4:15  Drone x3  
  63  4:22  Drone  
  61  4:25  Drone  
  61  4:26  Drone  
  61  4:30  Spore Crawler  
  61  4:35  Drone, Roach Warren  
  61  4:36  Drone  
  61  4:37  Drone  
  63  4:40  Drone  
  63  4:43  Extractor  
  63  4:44  Lair  
  63  4:47  Queen  
  63  4:50  Drone x5  
  69  4:54  Extractor  
  69  4:55  Extractor  
  69  4:59  Zergling x8  
  70  5:09  Overlord x4  
  69  5:18  Roach x2  
  73  5:28  Roach x7  
  87  5:32  Roach  
  86  5:36  Evolution Chamber  
  86  5:38  Evolution Chamber  
  86  5:42  Roach x2  
  85  5:44  Roach  
  85  5:48  Roach  
  86  5:51  Roach  
  86  5:55  Roach  
  88  5:58  Roach  
  91  6:05  Overlord  
  91  6:11  Overlord  
  89  6:20  Roach  
  89  6:21  Roach x3  
  89  6:25  Roach  
  85  6:27  Roach  
  85  6:29  Roach  
  85  6:32  Roach  
  83  6:34  Roach  
  83  6:37  Roach  
  83  6:39  Roach  
  87  6:42  Roach  
  83  6:47  Roach  
  83  6:52  Drone  

Tags
 
Add a new tag
Caveats
  • Supply blocks, unpowered buildings, or Contaminate may cause inaccurate times.
  • Supply counts are checked every 10 seconds.